 Dungeon Crawl Stone Soup version 0.30.0-5-g1a98f26d00 (webtiles) character file.

Game seed: 8684089017850379671

113 Inkenn the Trooper (level 4, -4/37 HPs)
             Began as a Demonspawn Fighter on May 8, 2023.
             Slain by an acid dragon (5 damage)
             ... on level 4 of the Dungeon.
             The game lasted 00:03:03 (2687 turns).

Inkenn the Trooper (Demonspawn Fighter)             Turns: 2687, Time: 00:03:03

Health: -4/37      AC:  7    Str: 18    XL:     4   Next: 65%
Magic:  4/4        EV:  5    Int: 15    God:
Gold:   190        SH:  4    Dex: 13    Spells: 3/3 levels left

rFire   . . .        r - +2 short sword (drain)
rCold   . . .        c - +0 buckler
rNeg    . . .        j - +0 plate armour
rPois   .            (no helmet)
rElec   .            (no cloak)
rCorr   .            (no gloves)
SInv    .            (no boots)
Will    .....        (no amulet) Stlth
                     u - +6 ring of intelligence
HPRegen 0.26/turn    (no ring)
MPRegen 0.09/turn

%: no passive effects
@: mighty, corroded
A: weakness stinger 1
a: no special abilities


You were on level 4 of the Dungeon.
You visited 1 branch of the dungeon, and saw 4 of its levels.

You collected 190 gold pieces.

Inventory:

Hand Weapons
 a - a +0 rapier
 r - a +2 short sword of draining (weapon)
Armour
 b - a +0 scale mail
 c - a +0 buckler (worn)
 j - a +0 plate armour (worn)
Jewellery
 u - a +6 ring of intelligence (left hand)
Wands
 y - a wand of flame (26)
 z - a wand of polymorph (13)
Scrolls
 e - 6 scrolls of identify {unknown}
 h - a scroll of amnesia {unknown}
 l - 3 scrolls of enchant weapon {unknown}
 m - a scroll of teleportation {unknown}
 n - a scroll of summoning {unknown}
 p - a scroll of immolation {unknown}
 q - a scroll of magic mapping {unknown}
 v - 2 scrolls of enchant armour {unknown}
 w - 2 scrolls of vulnerability {unknown}
 x - a scroll of fog {unknown}
Potions
 d - a potion of might
 f - a potion of invisibility {unknown}
 g - a potion of degeneration {unknown}
 i - 3 potions of flight {unknown}
 k - a potion of attraction {unknown}
 o - a potion of cancellation {unknown}
 s - a potion of mutation {unknown}
 t - a potion of brilliance {unknown}
 A - a potion of magic {unknown}
 B - 2 potions of curing {unknown}


   Skills:
 * Level 3.9 Fighting
 + Level 2.6 Short Blades
 + Level 3.3 Armour
 + Level 3.3 Shields


You had 3 spell levels left.
You didn't know any spells.
Your spell library contained the following spells:

 Spells                   Type           Power      Damage    Failure   Level
 Frozen Ramparts          Ice            0%         1d1       100%        3
 Vhi's Electric Charge    Tloc/Air       0%         N/A       100%        3
 Ice Form                 Ice/Tmut       0%         N/A       100%        4
 Summon Ice Beast         Ice/Summ       0%         N/A       100%        4
 Arcjolt                  Conj/Air       0%         1d10      100%        5
 Malign Gateway           Summ/Tloc      0%         N/A       100%        7
 Maxwell's Capacitive Co  Air            0%         ∞         100%        8
 Summon Horrible Things   Summ           0%         N/A       100%        8


Dungeon Overview and Level Annotations

Branches:
Dungeon (4/15)
 Temple: D:4-7

Altars:
Ashenzari
Vehumet
Yredelemnul

Shops:
D:2 =


Innate Abilities, Weirdness & Mutations

You have a small tail.


Message History

There are monsters nearby!
Found a scroll labelled MITEAM UZORAF.
You barely miss the acid dragon. The acid dragon barely misses you.
The acid dragon claws you but does no damage.
You block the endoplasm's attack.
You hit the acid dragon but do no damage.
You drain the acid dragon.
The acid dragon is lightly wounded.
The acid dragon bites you but does no damage.
The acid dragon claws you.
The endoplasm hits you but does no damage.
You hit the acid dragon but do no damage.
You drain the acid dragon.
The acid dragon is moderately wounded.
The acid dragon spits acid at you. The splash of acid hits you!!
Ouch! That really hurt!
The acid corrodes you!
The endoplasm hits you but does no damage.
You feel very mighty all of a sudden. The acid dragon bites you.
* * * LOW HITPOINT WARNING * * *
The acid dragon claws you but does no damage.
The endoplasm hits you but does no damage.
You puncture the acid dragon!
Your tail-slap misses the acid dragon.
The acid dragon is heavily wounded.
The acid dragon bites you!
* * * LOW HITPOINT WARNING * * *
The acid dragon claws you but does no damage.
The endoplasm hits you.
* * * LOW HITPOINT WARNING * * *
You puncture the acid dragon! You drain the acid dragon.
The acid dragon is almost dead.
The acid dragon bites you but does no damage.
The acid dragon barely misses you. The endoplasm hits you.
* * * LOW HITPOINT WARNING * * *
You closely miss the acid dragon.
The acid dragon is almost dead.
The acid dragon bites you.
You die...

##### ##### #...###...##
##########
..#..#..#..####.........
.###...###....#.......?#
..#..#..#.....#.........
....###.......#..D....#
...## ##.#....#.@J....#
....###.......#.......#
..#..#..#.............#
.###...###............#
..#.....#.....#########
.........†....#
.......###.#######
.......# #>.......
.......###'#######


You could see an acid dragon (very drained) and an endoplasm.

Vanquished Creatures
  A hound (D:4)
  2 adders
  2 worms (D:2)
  A dart slug (D:3)
  An orc (D:3)
  5 ball pythons
  2 endoplasms
  A giant cockroach (D:3)
  3 hobgoblins
  2 jackals (D:3)
  6 kobolds
  4 quokkas
  5 bats
  5 frilled lizards
  11 goblins
  8 rats
59 creatures vanquished.

Notes
Turn   | Place    | Note
-------+----------+-------------------------------------------
     0 | D:1      | Inkenn the Demonspawn Fighter began the quest for the Orb.
     0 | D:1      | Reached XP level 1. HP: 18/18 MP: 1/1
   250 | D:1      | Gained mutation: You have a small tail. [demonic ancestry]
   250 | D:1      | Reached XP level 2. HP: 24/24 MP: 2/2
   728 | D:2      | Found Sucaqe's Jewellery Emporium.
   848 | D:2      | Reached XP level 3. HP: 28/29 MP: 3/3
  1441 | D:3      | Found a broken altar of Ashenzari.
  1698 | D:3      | Reached XP level 4. HP: 36/36 MP: 4/4
  1792 | D:3      | Found a radiant altar of Vehumet.
  1829 | D:3      | Found a basalt altar of Yredelemnul.
  2678 | D:4      | Noticed an acid dragon
  2686 | D:4      | HP: 1/37 [endoplasm (2)]
  2687 | D:4      | Slain by an acid dragon

Illustrated notes

Levels and vault maps discovered:
D:1:      shiori_shiawase, layout_basic
D:2:      layout_basic, serial_shops, nicolae_shop_tiny_statue_garden,
          kennysheep_boxes
D:3:      layout_basic, nicolae_overflow_crystal_walls,
          mainiacjoe_overflow_catwalk, lemuel_doored_altar, nicolae_eternal_life
D:4:      layout_basic, nicolae_overflow_hidden_temple, serial_glass,
          glass_columns_a, glass_columns_c, minmay_strange_pillars,
          uniq_blork_the_orc

Skill      XL: |  1  2 |
---------------+-------+-----
Short Blades   | 2 |  2.6
Armour         | 3 |  3.3
Shields        | 3 |  3.3
Fighting       | |  3.9

Action                     |  1- 3 |  4- 6 || total
---------------------------+-------+-------++-------
  Melee: Rapier            |    94 |       ||    94
         Tailslap          |     8 |     3 ||    11
         Short sword       |    38 |    30 ||    68
    Use: Potion            |       |     1 ||     1
 Armour: Scale mail        |     8 |       ||     8
         Plate armour      |    62 |    23 ||    85
  Dodge: Dodged            |    22 |     3 ||    25
  Block: Buckler           |    20 |     8 ||    28
